 Dungeon Crawl Stone Soup version 0.25.1-1-g288607f5aa (webtiles) character file.

Game seed: 15838008068183269312

4683 Doot the Destroyer (level 10, -5/54 HPs)
             Began as a Tengu Conjurer on July 22, 2020.
             Was a Priest of Vehumet.
             Slain by an eight-headed hydra (10 damage)
             ... on level 8 of the Dungeon.
             The game lasted 00:19:41 (10159 turns).

Doot the Destroyer (Tengu Conjurer)                Turns: 10159, Time: 00:19:41

Health: -5/54      AC:  7    Str: 12    XL:     10   Next: 44%
Magic:  16/23      EV: 17    Int: 24    God:    Vehumet [***...]
Gold:   433        SH:  0    Dex: 15    Spells: 11/25 levels left

rFire    . . .     SeeInvis .   g - +0 mace
rCold    . . .     Gourm    .   (no shield)
rNeg     . . .     Faith    +   A - +3 leather armour of Xup Koarie {Str+3}
rPois    .         Spirit   .   (helmet restricted)
rElec    .         Reflect  .   (no cloak)
rCorr    .         Harm     .   D - +0 pair of gloves
MR       .....                  (boots unavailable)
Stlth    +++.......             H - amulet of faith
HPRegen  0.18/turn              h - +6 ring of intelligence
MPRegen  0.18/turn              q - ring of wizardry

@: flying quickly and evasively, quick
A: beak, talons 3, able to fly
a: Stop Flying, Renounce Religion


You were on level 8 of the Dungeon.
You worshipped Vehumet.
Vehumet was most pleased with you.
You were near starving.

You visited 2 branches of the dungeon, and saw 9 of its levels.

You collected 433 gold pieces.

Inventory:

Hand Weapons
 d - a +0 short sword
 g - a +0 mace (weapon)
Armour
 a - a +0 robe
 s - a +0 ring mail
 A - the +3 leather armour of Xup Koarie (worn) {Str+3}
   (You took it off an orc priest on level 6 of the Dungeon)

   It affects your strength (+3).
 D - a +0 pair of gloves (worn)
 G - a +0 leather armour
Jewellery
 h - a +6 ring of intelligence (left hand)
 q - a ring of wizardry (right hand)
 E - an uncursed ring of wizardry
 H - an amulet of faith (around neck)
Wands
 o - a wand of acid (6)
 F - a wand of digging (3)
Scrolls
 b - 5 scrolls of teleportation
 e - 8 scrolls of identify
 f - 2 scrolls of remove curse
 k - a scroll of random uselessness {unknown}
 l - 3 scrolls of amnesia
 p - a scroll of fear
 r - a scroll of magic mapping {unknown}
 w - a scroll of immolation {unknown}
 y - 2 scrolls of blinking {unknown}
 z - a scroll of enchant armour {unknown}
 C - a scroll of brand weapon {unknown}
 J - a scroll of fog {unknown}
Potions
 i - 3 potions of curing {unknown}
 j - 3 potions of ambrosia {unknown}
 m - 3 potions of haste {unknown}
 n - a potion of brilliance {unknown}
 t - a potion of degeneration {unknown}
 u - a potion of lignification {unknown}
 v - a potion of heal wounds {unknown}
 x - a potion of mutation {unknown}
 B - 2 potions of cancellation {unknown}
 I - a potion of magic {unknown}
 K - a potion of resistance {unknown}
Comestibles
 c - 14 rations


   Skills:
 + Level 2.4 Fighting
 + Level 3.2 Maces & Flails
 + Level 3.7 Armour
 + Level 4.9 Dodging
 + Level 5.0 Stealth
 + Level 8.0 Spellcasting
 + Level 12.2 Conjurations
 + Level 2.1 Hexes


You had 11 spell levels left.
You knew the following spells:

 Your Spells              Type           Power        Failure   Level  Hunger
a - Magic Dart            Conj           ####         1%          1    None
b - Searing Ray           Conj           ######       1%          2    None
c - Iskenderun's Mystic   Conj/Tloc      #####...     1%          4    ##.....
d - Fulminant Prism       Conj/Hex       #####.....   1%          4    ##.....
e - Mephitic Cloud        Conj/Pois/Air  ####....     1%          3    None

Your spell library contained the following spells:

 Spells                   Type           Power        Failure   Level  Hunger
 Corona                   Hex            ###....      1%          1    None
 Dazzling Flash           Conj/Hex       #####.       1%          3    None
 Animate Skeleton         Necr           N/A          3%          1    None
 Apportation              Tloc           #.....       3%          1    None
 Infusion                 Chrm           #...         3%          1    None
 Summon Small Mammal      Summ           #...         3%          1    None
 Shroud of Golubria       Chrm/Tloc      #.....       4%          2    None
 Song of Slaying          Chrm           #.......     4%          2    None
 Confusing Touch          Hex            ###.....     4%          3    None
 Spectral Weapon          Hex/Chrm       ##......     6%          3    None
 Gell's Gravitas          Tloc           #.........   10%         3    None
 Ozocubu's Armour         Chrm/Ice       #.......     10%         3    None
 Yara's Violent Unravell  Hex/Tmut       ##........   16%         5    #####..
 Petrify                  Tmut/Erth      #.......     32%         4    ##.....
 Metabolic Englaciation   Hex/Ice        ##........   47%         5    #####..


Dungeon Overview and Level Annotations

Branches:
Dungeon (8/15)             Temple (1/1) D:6
   Lair: D:8-11

Altars:
Ashenzari
Cheibriados
Dithmenos
Elyvilon
Gozag
Hepliaklqana
Kikubaaqudgha
Makhleb
Nemelex Xobeh
Okawaru
Ru
Uskayaw
Vehumet
Wu Jian
Xom
Yredelemnul
Zin


Innate Abilities, Weirdness & Mutations

You have a beak for a mouth.
You have claws for feet.
You can fly continuously.


Message History

The eight-headed hydra bites you.
The eight-headed hydra closely misses you.
The eight-headed hydra misses you.
The eight-headed hydra barely misses you.
The eight-headed hydra bites you! x2
Casting: Searing Ray (safe; 1% risk of failure)
Confirm with . or Enter, or press ? or * to list all spells.
Aiming: Searing Ray (safe; 1% risk of failure)
Press: ? - help, Shift-Dir - straight line, f/p - eight-headed hydra
Aim: an eight-headed hydra (severely wounded)
The searing ray hits the eight-headed hydra!
The eight-headed hydra is almost dead. (Press . to maintain the ray.)
The eight-headed hydra bites you. The eight-headed hydra bites you!
The eight-headed hydra bites you.
* * * LOW HITPOINT WARNING * * *
The eight-headed hydra bites you.
* * * LOW HITPOINT WARNING * * *
The eight-headed hydra misses you. The eight-headed hydra bites you!
You die...

#.# ###.#######.# #.#
#.........# #.#
#################### #.#
#....####...........
###.#######.##....#.##########
#...........##.##.#..#########
#.#.##########.##.#...........
#.#.# ######.##.##.#.##(....
#.#†# #...D@.##....#.....##.
#.#.# #.############.##.....
#.#.# #.# #..#..##. #.#.# .*.
#..##..#. ##.#.# .....
#...#..## #....# #....D.
#...##..# ###### ......##
#.#..#..# .......# #.#..##..
#.......# #.##..#..


You could see an eight-headed hydra.

Vanquished Creatures
  A centaur warrior (D:8)
  An ugly thing (D:8)
  Grinder (D:3)
  2 hippogriffs
  A spriggan (D:7)
  Menkaure (D:5)
  Duvessa (D:6)
  An orc warrior (D:6)
  A black bear (D:4)
  4 ice beasts
  2 sky beasts
  5 ogres
  5 bullfrogs
  A gnoll sergeant (D:7)
  Blork the orc (D:6)
  Dowan (D:6)
  2 electric eels (D:7)
  A howler monkey (D:5)
  A crimson imp (D:5)
  4 bullfrog zombies
  2 centaur zombies (D:8)
  2 hounds
  4 orc priests
  A centaur skeleton (D:4)
  A jelly (D:6)
  3 orc wizards
  A bullfrog skeleton (D:5)
  4 worker ants
  Robin (D:3)
  3 gnolls (D:7)
  11 adders
  A shadow imp (D:8)
  2 worms
  2 dart slugs
  4 leopard geckos
  19 orcs
  3 ball pythons
  5 giant cockroaches
  15 goblins
  12 hobgoblins
  6 quokkas
  9 bats
  7 frilled lizards
  7 kobolds
  9 rats
171 creatures vanquished.

Vanquished Creatures (others)
  19 fulminant prisms
19 creatures vanquished.

Grand Total: 190 creatures vanquished

Notes
Turn   | Place    | Note
-------+----------+-------------------------------------------
     0 | D:1      | Doot the Tengu Conjurer began the quest for the Orb.
     0 | D:1      | Reached XP level 1. HP: 10/10 MP: 4/4
   226 | D:2      | Reached XP level 2. HP: 15/15 MP: 4/6
   271 | D:2      | Reached skill level 6 in Conjurations
   396 | D:2      | Learned a level 2 spell: Searing Ray
   403 | D:2      | Reached XP level 3. HP: 19/19 MP: 4/7
   651 | D:4      | Found a shimmering altar of Xom.
   652 | D:4      | Found a shimmering altar of Xom.
   653 | D:4      | Found a shimmering altar of Xom.
   653 | D:4      | Found a shimmering altar of Xom.
   653 | D:4      | Found a shimmering altar of Xom.
   653 | D:4      | Found a shimmering altar of Xom.
   653 | D:4      | Found a shimmering altar of Xom.
   653 | D:4      | Found a shimmering altar of Xom.
   657 | D:4      | Reached XP level 4. HP: 24/24 MP: 4/8
   785 | D:4      | Noticed an ogre
   826 | D:4      | Reached skill level 7 in Conjurations
   871 | D:4      | Noticed a black bear
  1068 | D:4      | Learned a level 4 spell: Iskenderun's Mystic Blast
  1102 | D:4      | Gained mutation: You can fly continuously. [Tengu growth]
  1102 | D:4      | Reached XP level 5. HP: 8/28 MP: 3/10
  1452 | D:5      | Entered Level 5 of the Dungeon
  1656 | D:4      | Killed an ogre
  1656 | D:4      | Reached skill level 8 in Conjurations
  1656 | D:4      | Reached XP level 6. HP: 33/33 MP: 7/12
  1843 | D:5      | Noticed a sky beast
  1850 | D:5      | Reached XP level 7. HP: 37/37 MP: 9/13
  1861 | D:5      | Reached skill level 1 in Fighting
  2074 | D:5      | Reached skill level 9 in Conjurations
  2531 | D:5      | Noticed Menkaure
  2540 | D:5      | Killed Menkaure
  2540 | D:5      | Reached XP level 8. HP: 32/43 MP: 11/16
  3007 | D:5      | Reached skill level 5 in Spellcasting
  3375 | D:6      | Noticed Duvessa
  3396 | D:6      | Found a shattered altar of Ashenzari.
  3504 | D:6      | Saw a vision of the Shoals and the Snake Pit.
  3504 | D:6      | Noticed a naga sharpshooter
  3504 | D:6      | Noticed a hippogriff
  3504 | D:6      | Noticed an anaconda
  3504 | D:6      | Noticed a naga mage
  3504 | D:6      | Noticed a merfolk
  3504 | D:6      | Noticed a shock serpent
  3504 | D:6      | Noticed a merfolk
  3504 | D:6      | Noticed a naga mage
  3504 | D:6      | Noticed a merfolk siren
  3505 | D:6      | Noticed a naga ritualist
  3506 | D:6      | Noticed a merfolk
  3506 | D:6      | Noticed a black mamba
  3506 | D:6      | Noticed a merfolk
  3506 | D:6      | Noticed a naga warrior
  3515 | D:6      | Noticed Dowan
  3662 | D:6      | Found a staircase to the Ecumenical Temple.
  3668 | Temple   | Entered the Ecumenical Temple
  3700 | Temple   | Became a worshipper of Vehumet
  4743 | D:1      | Learned a level 4 spell: Fulminant Prism
  5230 | D:2      | Found a faded altar of an unknown god.
  5291 | D:2      | Reached * piety under Vehumet
  5291 | D:2      | Offered knowledge of Freeze by Vehumet.
  5301 | D:2      | Reached skill level 1 in Maces & Flails
  5893 | D:3      | Noticed Robin
  5894 | D:3      | Noticed Grinder
  5925 | D:3      | Killed Robin
  5953 | D:3      | Killed Grinder
  5953 | D:3      | Reached ** piety under Vehumet
  5953 | D:3      | Offered knowledge of Shock by Vehumet.
  5953 | D:3      | Reached skill level 10 in Conjurations
  6691 | D:6      | Noticed Blork the orc
  6748 | D:6      | Killed Blork the orc
  6762 | D:6      | Reached XP level 9. HP: 48/48 MP: 1/19
  6896 | D:6      | Killed Duvessa
  7005 | D:6      | Killed Dowan
  7136 | D:6      | Identified the +3 leather armour of Xup Koarie {Str+3}
  7555 | D:7      | Reached skill level 1 in Hexes
  7576 | D:7      | Reached skill level 1 in Armour
  7617 | D:7      | Found an opulent altar of Gozag.
  7762 | D:7      | Reached skill level 11 in Conjurations
  8981 | D:8      | Offered knowledge of Mephitic Cloud by Vehumet.
  8986 | D:8      | Learned a level 3 spell: Mephitic Cloud
  9321 | D:8      | Noticed a cyan ugly thing
  9340 | D:8      | Killed a cyan ugly thing
  9340 | D:8      | Reached XP level 10. HP: 30/54 MP: 11/22
  9527 | D:8      | Noticed a centaur warrior
  9531 | D:8      | Reached *** piety under Vehumet
  9533 | D:8      | Killed a centaur warrior
  9533 | D:8      | Reached skill level 5 in Stealth
  9533 | D:8      | Reached skill level 12 in Conjurations
  9676 | D:8      | Noticed an eight-headed hydra
 10159 | D:8      | Slain by an eight-headed hydra

Illustrated notes

Levels and vault maps discovered:
D:1:      scummos_arrival_hexagon, layout_basic, minmay_tall_x
D:2:      layout_basic, chequers_ecumenical_altar_island
D:3:      layout_rooms, first_ration, uniq_grinder, uniq_robin
D:4:      black_bear_nest_1, layout_cave_pools, xom_redecorated
D:5:      layout_basic, uniq_menkaure
D:6:      layout_rooms, minmay_temple_entry_hall, grunt_ashenzari_visionary
          [grunt_ashenzari_visionary_shoals, grunt_ashenzari_visionary_snake],
          uniq_blork_the_orc, uniq_duvessa
D:7:      statuecave_lemuel, layout_basic, lemuel_round_altar, serial_rivers,
          chequers_serial_rivers_micro_d, chequers_serial_rivers_small_3,
          chequers_serial_rivers_micro_a, chequers_serial_rivers_room_a,
          chequers_serial_rivers_small_b, the_bakery
D:8:      minmay_tri_box, layout_basic,
          chequers_temple_overflow_statue_of_worship, lemuel_doored_altar,
          grunt_ministairs_8
Temple:   regret_index_temple_waves

Skill      XL: |  1  2  3  4  5  6  7  8  9 10 |
---------------+-------------------------------+-----
Conjurations   | 6 7 8 9 10 11 12 | 12.2
Spellcasting   | 3 4 6 7 8 |  8.0
Stealth        | 3 4 5 |  5.0
Dodging        | 3 4 |  4.9
Fighting       | 1 2 |  2.4
Maces & Flails | 2 3 |  3.2
Hexes          | 2 |  2.1
Armour         | 3 |  3.7

Action                   |  1- 3 |  4- 6 |  7- 9 | 10-12 || total
-------------------------+-------+-------+-------+-------++-------
Melee: Mace              |       |     5 |    12 |       ||    17
       Kick              |       |       |     3 |       ||     3
       Peck              |       |       |     2 |       ||     2
 Cast: Magic Dart        |    34 |    40 |    77 |       ||   151
       Searing Ray       |     1 |     8 |    66 |    10 ||    85
       Fulminant Prism   |       |       |    12 |     7 ||    19
       Iskenderun's Myst |       |       |     1 |       ||     1
 Abil: Fly               |       |     1 |       |       ||     1
  Use: Scroll            |       |       |     5 |       ||     5
  Eat: Chunk             |       |     3 |    20 |     1 ||    24
       Ration            |       |       |     1 |       ||     1
Armor: Robe              |       |     4 |     2 |       ||     6
       Leather armour    |       |       |     4 |       ||     4
       Ring mail         |       |       |     4 |       ||     4
Dodge: Dodged            |     6 |    32 |    82 |    14 ||   134
